 Dungeon Crawl Stone Soup version 0.18.1-8-gdd0e5ea (webtiles) character file.

3678 Metae the Covered (level 9, -1/82 HPs)
             Began as a Deep Dwarf Fighter on June 10, 2016.
             Was a Follower of Makhleb.
             Slain by a komodo dragon (25 damage)
             ... on level 1 of the Lair of Beasts.
             The game lasted 00:50:35 (7026 turns).

Metae the Covered (Deep Dwarf Fighter)              Turns: 7026, Time: 00:50:36

Health: -1/82      AC: 12    Str: 20    XL:     9   Next: 90%
Magic:  7/8        EV: 10    Int:  9    God:    Makhleb [*.....]
Gold:   146        SH: 10    Dex: 15    Spells: 0 memorised, 13 levels left

rFire  . . .     SeeInvis +     h - +1 spear (flame)
rCold  . . .     Gourm    .     u - +2 scale mail {rN+}
rNeg   + . .     Faith    .     c - +0 shield
rPois  .         Spirit   .     O - +0 helmet
rElec  .         Dismiss  .     (no cloak)
rCorr  .         Reflect  .     o - +0 pair of gloves
SustAt .         Harm     .     (no boots)
MR     +....                    (no amulet)
Stlth  ++........               m - ring of flight
                                J - ring of see invisible

@: non-regenerating, somewhat resistant to hostile enchantments, unstealthy
A: damage resistance, recharge devices, sense surroundings 2, slow regeneration
3
a: Device Recharging, Renounce Religion, Evoke Flight


You were on level 1 of the Lair of Beasts.
You worshipped Makhleb.
Makhleb was aware of your devotion.
You were very full.

You visited 3 branches of the dungeon, and saw 11 of its levels.

You collected 506 gold pieces.
You spent 360 gold pieces at shops.

Inventory:

Hand Weapons
 a - a +0 war axe
 h - a +1 spear of flaming (weapon)
 C - a +0 blowgun
 I - a +2 long sword
 P - a +2 great sword
Missiles
 L - 12 poisoned needles
Armour
 c - a +0 shield (worn)
 d - a +0 pair of gloves
 i - a +0 chain mail
 o - a +0 pair of gloves (worn)
 u - a +2 scale mail of positive energy (worn)
 O - a +0 helmet (worn)
Jewellery
 m - a ring of flight (right hand)
 E - an uncursed ring of magical power
 J - a ring of see invisible (left hand)
Wands
 e - a wand of heal wounds (1/9)
 T - a wand of polymorph (9/24)
 U - a wand of lightning (7/15)
Scrolls
 b - a scroll of holy word {unknown}
 g - 6 scrolls of identify
 l - a scroll of silence {unknown}
 p - a scroll of immolation {unknown}
 w - a scroll of noise {unknown}
 y - a scroll of amnesia {unknown}
 A - a scroll of remove curse
 B - 3 scrolls of enchant armour {unknown}
 F - a scroll of acquirement {unknown}
 Q - a scroll of fear {unknown}
 V - a scroll of magic mapping {unknown}
Potions
 k - 3 potions of heal wounds {unknown}
 n - 2 potions of cancellation {unknown}
 q - a potion of haste
 r - a potion of lignification {unknown}
 s - 2 potions of brilliance {unknown}
 t - a potion of ambrosia {unknown}
 v - a potion of resistance {unknown}
 z - a potion of experience {unknown}
 D - 2 potions of curing
 G - a potion of degeneration {unknown}
 K - a potion of berserk rage {unknown}
 N - a potion of mutation {unknown}
 R - 2 potions of cure mutation {unknown}
Books
 M - a book of Burglary

   Spells                             Type                      Level
   a - Swiftness                      Charms/Air                   2
   b - Passwall                       Transmutation/Earth          2
   c - Passage of Golubria            Translocation                4
   d - Lee's Rapid Deconstruction     Earth                        5
   e - Darkness                       Hexes                        6
   f - Invisibility                   Hexes                        6
Comestibles
 f - 5 bread rations
 j - 3 meat rations
 x - a slice of pizza
 H - 39 fruits
 S - a royal jelly


   Skills:
 * Level 6.2 Fighting
 - Level 4.7(5.7) Axes
 * Level 4.0(4.8) Polearms
 * Level 7.5 Armour
 + Level 4.8 Dodging
 + Level 5.6 Stealth
 + Level 5.7 Shields
 - Level 2.5 Spellcasting
 + Level 5.3 Evocations


You had 13 spell levels left.
You didn't know any spells.

Dungeon Overview and Level Annotations

Branches:
Dungeon (9/15)             Temple (1/1) D:7            Lair (1/8) D:8
    Orc: D:9-12

Altars:
Ashenzari
Cheibriados
Dithmenos
Elyvilon
Fedhas
Gozag
Makhleb
Nemelex Xobeh
Pakellas
Ru
Sif Muna
Trog
Vehumet
Xom
Yredelemnul
Zin
Lugonu

Shops:
D:7 [(


Innate Abilities, Weirdness & Mutations

You are resistant to damage.
You can recharge devices by infusing magical energy.
You passively map the area around you.
You do not regenerate naturally.


Message History

You see here a royal jelly.
The porcupine bites you.
Found 12 gold pieces.
You are struck by the porcupine's spines.
* * * LOW HITPOINT WARNING * * *
You hit the porcupine. You burn the porcupine.
The porcupine is severely wounded.
The porcupine bites you. You block the komodo dragon's attack.
You closely miss the porcupine.
The porcupine is severely wounded.
You block the porcupine's attack. You block the komodo dragon's attack.
You completely miss the porcupine.
The porcupine is severely wounded.
You block the porcupine's attack. The komodo dragon closely misses you.
You block the porcupine's attack.
You hit the porcupine. You burn the porcupine.
You kill the porcupine!
Makhleb accepts your kill. The komodo dragon bites you!!
You die...

≈≈≈≈≈≈≈.....,
#.♣..≈≈...♣...... ≈≈≈ ≈≈
,#.$.................. ≈ .
#...#..♣....♣♣....... ,,≈
.. #...#...#...##♣.P....
*, * ...#...#.....###
###...# ,* .....#...##*
#..## , * * ,#...#...P#
##..# , , #.......# #...#
** *..####@...# #...## ,,
#.....?.l..# ##...#
#..........## #^.P#
....[......(### #..P# , ,
.............P######..## ,
,........................
,,......###..%.......[....
* * ..#.##*
#.......#.##P.## , * * #.
#.......#......'


You could see a komodo dragon.

Vanquished Creatures
  The ghost of rockintein the Cleaver, a novice MiBe of Trog (D:7)
  Pikel (D:6)
  The ghost of Britaniac the Basher, a novice GrFi (D:5)
  Grinder (D:3)
  The ghost of Britaniac the Cudgeler, an amateur GrFi of Okawaru (D:4)
  A water moccasin (Lair:1)
  A porcupine (Lair:1)
  2 orc warriors (D:6)
  An ice beast (D:8)
  2 slaves (D:6)
  A centaur (D:8)
  2 big kobolds
  Blork the orc (D:5)
  3 giant frogs
  2 scorpions
  A water moccasin skeleton (D:8)
  8 wights (D:6)
  2 centaur zombies
  A hound (D:7)
  A jelly (D:8)
  A centaur skeleton (D:5)
  2 orc priests (D:3)
  A giant frog skeleton (D:4)
  4 iguanas
  4 orc wizards
  A worker ant (D:4)
  A hound zombie (D:7)
  4 gnolls (D:8)
  4 adders
  An adder skeleton (D:8)
  An adder zombie (D:6)
  3 worms
  A dart slug (D:1)
  2 giant geckos
  20 orcs
  4 giant cockroaches
  6 goblins
  6 hobgoblins
  2 jackals (D:7)
  12 kobolds
  A quokka (D:2)
  2 ball pythons
  10 bats
  6 giant newts
  9 rats
142 creatures vanquished.

Vanquished Creatures (others)
  An orc wizard (D:5)
1 creature vanquished.

Grand Total: 143 creatures vanquished

Notes
Turn   | Place    | Note
--------------------------------------------------------------
     0 | D:1      | Metae the Deep Dwarf Fighter began the quest for the Orb.
     0 | D:1      | Reached XP level 1. HP: 20/20 MP: 1/1
   161 | D:1      | Reached skill level 1 in Evocations
   203 | D:1      | Reached XP level 2. HP: 24/27 MP: 2/2
   962 | D:2      | Reached XP level 3. HP: 23/34 MP: 3/3
  1063 | D:2      | Reached skill level 1 in Dodging
  1534 | D:3      | Found a sacrificial altar of Ru.
  1705 | D:3      | Reached XP level 4. HP: 37/42 MP: 5/5
  1748 | D:3      | Found an opulent altar of Gozag.
  1757 | D:3      | Noticed Grinder
  1763 | D:3      | Paralysed by Grinder for 5 turns
  1814 | D:3      | Killed Grinder
  1814 | D:3      | Reached skill level 4 in Armour
  1814 | D:3      | Reached skill level 1 in Stealth
  1814 | D:3      | Reached XP level 5. HP: 35/49 MP: 6/6
  1975 | D:3      | Found an oddly glowing altar of Pakellas.
  2367 | D:4      | Reached XP level 6. HP: 25/56 MP: 7/7
  2547 | D:4      | Reached skill level 1 in Spellcasting
  2835 | D:4      | Noticed Britaniac's ghost (amateur GrFi)
  2862 | D:4      | HP: 1/57 [Britaniac's ghost (9)]
  2863 | D:4      | Killed Britaniac's ghost
  2863 | D:4      | Reached XP level 7. HP: 1/64 MP: 8/8
  2981 | D:4      | Reached skill level 5 in Armour
  3128 | D:5      | Entered Level 5 of the Dungeon
  3128 | D:5      | Noticed Blork the orc
  3149 | D:5      | Killed Blork the orc
  3333 | D:5      | Noticed Britaniac's ghost (novice GrFi)
  3391 | D:5      | Killed Britaniac's ghost
  3391 | D:5      | Reached skill level 1 in Polearms
  3391 | D:5      | Reached XP level 8. HP: 29/73 MP: 9/9
  4149 | D:6      | Noticed Pikel
  4185 | D:6      | Killed Pikel
  4185 | D:6      | Reached skill level 5 in Fighting
  4185 | D:6      | Reached skill level 6 in Armour
  4185 | D:6      | Reached skill level 5 in Shields
  4337 | D:6      | Gained mutation: You passively map the area around you. [Deep Dwarf growth]
  4337 | D:6      | Reached XP level 9. HP: 35/81 MP: 10/10
  4953 | D:6      | Found a radiant altar of Vehumet.
  5039 | D:6      | Found a deep blue altar of Sif Muna.
  5183 | D:7      | Found a staircase to the Ecumenical Temple.
  5196 | Temple   | Entered the Ecumenical Temple
  5281 | Temple   | Became a worshipper of Makhleb the Destroyer
  5381 | D:7      | Found Keiqucem's Antique Weapon Shop.
  5556 | D:7      | Found a sparkling altar of Nemelex Xobeh.
  5570 | D:7      | Found a deep blue altar of Sif Muna.
  5573 | D:7      | Found a basalt altar of Yredelemnul.
  5679 | D:7      | Noticed rockintein's ghost (novice MiBe)
  5705 | D:7      | Killed rockintein's ghost
  5705 | D:7      | Reached skill level 7 in Armour
  5705 | D:7      | Reached skill level 5 in Stealth
  5815 | D:7      | Found Xinelesa's Armour Emporium.
  5832 | D:7      | Bought a +2 scale mail of positive energy for 288 gold pieces
  5832 | D:7      | Bought a +0 helmet for 72 gold pieces
  6000 | D:8      | Found a staircase to the Lair.
  6413 | D:8      | Found a blossoming altar of Fedhas.
  6430 | D:8      | Reached skill level 5 in Evocations
  6591 | Lair:1   | Entered Level 1 of the Lair of Beasts
  6608 | Lair:1   | Reached * piety under Makhleb
  7010 | Lair:1   | Noticed a komodo dragon
  7026 | Lair:1   | Slain by a komodo dragon

Skill      XL: |  1  2  3  4  5  6  7  8  9 |
---------------+----------------------------+-----
Evocations     | 1 2 3 4 5 |  5.3
Fighting       | 3 4 5 6 |  6.2
Dodging        | 1 2 3 4 |  4.8
Armour         | 4 5 6 7 |  7.5
Stealth        | 1 2 3 4 5 |  5.6
Shields        | 4 5 |  5.7
Spellcasting   | 1 2 |  2.5
Axes           | 3 4 |  4.7
Polearms       | 1 2 4 |  4.0

Action                   |  1- 3 |  4- 6 |  7- 9 || total
-------------------------+-------+-------+-------++-------
Melee: War axe           |   184 |   111 |    82 ||   377
       Spear             |       |       |   538 ||   538
 Abil: Device Recharging |       |     1 |     4 ||     5
Evoke: Wand              |     1 |     7 |    23 ||    31
  Use: Scroll            |       |     1 |     7 ||     8
       Potion            |       |     1 |     2 ||     3
 Stab: Sleeping          |       |       |     1 ||     1
  Eat: Chunk             |     3 |     4 |     4 ||    11
       Bread ration      |       |       |     3 ||     3
       Meat ration       |       |       |     1 ||     1
Armor: Scale mail        |   119 |    46 |    54 ||   219
       Chain mail        |       |       |   138 ||   138
Dodge: Dodged            |    58 |    25 |   156 ||   239
Block: Shield            |   144 |    67 |   296 ||   507
